MID
BELOIT SNAPPERS @ GREENVILLE DRIVE
09/04/2049
 
TOP OF THE 1ST
Beloit Snappers batting - Pitching for Greenville Drive : RHP Dan Jenkins
Pitching: RHP Dan Jenkins
Batting: RHB Manny Moron 0-0: Ground out 6-3 (Groundball, 6, EV 80.0 MPH)
Batting: RHB Moses Brokken 0-0: Ball
1-0: Called Strike
1-1: Swinging Strike
1-2: Ball
2-2: Ball
3-2: Strikes out swinging
Batting: LHB Nate Melendez 0-0: Ball
1-0: Ball
2-0: Ball
3-0: Base on Balls
Batting: LHB Ed Talamantes 0-0: Ball
1-0: Ball
2-0: Swinging Strike
2-1: Ball
3-1: Called Strike
3-2: Fly out, F8 (Flyball, 8LD, EV 91.9 MPH)
Top of the 1st over - 0 runs, 0 hits, 0 errors, 1 left on base; Beloit 0 - Greenville 0
BOTTOM OF THE 1ST
Greenville Drive batting - Pitching for Beloit Snappers : LHP Kevin Barteaux
Pitching: LHP Kevin Barteaux
Batting: RHB Aukukero Tairi 0-0: Ball
1-0: Called Strike
1-1: Swinging Strike
1-2: Strikes out swinging
Batting: SHB Salvador Padilla 0-0: Ball
1-0: SINGLE (Groundball, 34D, EV 110.0 MPH)
Batting: RHB Adugna Chandu 0-0: Ball
1-0: Grounds into double play, 5-4-3 (Groundball, 56, EV 95.0 MPH)
Bottom of the 1st over - 0 runs, 1 hit, 0 errors, 0 left on base; Beloit 0 - Greenville 0
TOP OF THE 2ND
Beloit Snappers batting - Pitching for Greenville Drive : RHP Dan Jenkins
Batting: RHB Walt Alaniz 0-0: Called Strike
0-1: Reached on error, E5 (Groundball, 5S, EV 68.8 MPH)
Batting: RHB Rafael Alarcon 0-0: Ball
1-0: Foul Ball, location: 2F
1-1: Ball
2-1: Foul Ball, location: 2F
2-2: Foul Ball, location: 2F
2-2: Ball
3-2: SINGLE (Line Drive, 9S, EV 89.4 MPH)
Walt Alaniz to second
Runner from 2nd tries for 3rd, SAFE, throw by RF made to third
Batting: RHB Shannon Beck 0-0: Fly out, F8 (Flyball, 8LS, EV 95.6 MPH)
Batting: RHB Jason Dove 0-0: SINGLE (Groundball, 6MS, EV 67.5 MPH) (infield hit)
Walt Alaniz scores
Rafael Alarcon to second
Batting: RHB Tim Anderson 0-0: Ball
1-0: Swinging Strike
1-1: Called Strike
1-2: Ball
2-2: Ball
3-2: Fly out, F4 (Line Drive, 4, EV 62.5 MPH)
Batting: RHB Manny Moron 0-0: Swinging Strike
0-1: Swinging Strike
0-2: Fly out, F3 (Line Drive, 3L, EV 68.8 MPH)
Top of the 2nd over - 1 run, 2 hits, 1 error, 2 left on base; Beloit 1 - Greenville 0
BOTTOM OF THE 2ND
Greenville Drive batting - Pitching for Beloit Snappers : LHP Kevin Barteaux
Batting: LHB Kien-lung Zou 0-0: Called Strike
0-1: Ball
1-1: Foul Ball, location: 2F
1-2: Fly out, F7 (Line Drive, 7S, EV 90.6 MPH)
Batting: RHB Mario Arriero 0-0: Called Strike
0-1: Swinging Strike
0-2: Ball
1-2: Ground out 4-3 (Groundball, 4, EV 97.5 MPH)
Batting: SHB Robert Soto 0-0: SINGLE (Line Drive, 4M, EV 99.4 MPH)
Batting: LHB Eddie Contreras 0-0: Ball
1-0: Ball
2-0: Called Strike
2-1: Ball
3-1: Called Strike
3-2: Fly out, F8 (Line Drive, 78M, EV 91.9 MPH)
Bottom of the 2nd over - 0 runs, 1 hit, 0 errors, 1 left on base; Beloit 1 - Greenville 0
TOP OF THE 3RD
Beloit Snappers batting - Pitching for Greenville Drive : RHP Dan Jenkins
Batting: RHB Moses Brokken 0-0: Ball
1-0: Fly out, F8 (Flyball, 8RM, EV 87.5 MPH)
Batting: LHB Nate Melendez 0-0: Foul Ball, location: 2F
0-1: Foul Ball, location: 2F
0-2: Ball
1-2: Foul Ball, location: 2F
1-2: Ball
2-2: Ground out 1-3 (Groundball, 34S, EV 65.6 MPH)
Batting: LHB Ed Talamantes 0-0: Ground out 5-3 (Groundball, 56, EV 85.6 MPH)
Top of the 3rd over - 0 runs, 0 hits, 0 errors, 0 left on base; Beloit 1 - Greenville 0
BOTTOM OF THE 3RD
Greenville Drive batting - Pitching for Beloit Snappers : LHP Kevin Barteaux
Batting: LHB Carlos Guerra 0-0: Ball
1-0: SOLO HOME RUN (Line Drive, 9D, EV 98.8 MPH), Distance : 396 ft
Batting: RHB Bobby Schimke 0-0: Ball
1-0: Called Strike
1-1: Foul Ball, location: 2F
1-2: Fly out, F8 (Flyball, 8RS, EV 85.0 MPH)
Batting: RHB Aukukero Tairi 0-0: Called Strike
0-1: Foul Ball, location: 2F
0-2: Ball
1-2: Foul Ball, location: 2F
1-2: Foul Ball, location: 2F
1-2: Strikes out swinging
Batting: SHB Salvador Padilla 0-0: Ground out 6-3 (Groundball, 56, EV 101.9 MPH)
Bottom of the 3rd over - 1 run, 1 hit, 0 errors, 0 left on base; Beloit 1 - Greenville 1
TOP OF THE 4TH
Beloit Snappers batting - Pitching for Greenville Drive : RHP Dan Jenkins
Batting: RHB Walt Alaniz 0-0: Ball
1-0: SINGLE (Groundball, 6MD, EV 81.9 MPH) (infield hit)
Batting: RHB Rafael Alarcon 0-0: Called Strike
0-1: Ball
1-1: Ball
2-1: Foul Ball, location: 2F
2-2: Ball
Wild Pitch!
Walt Alaniz to second
3-2: Strikes out swinging
Batting: RHB Shannon Beck 0-0: Ball
1-0: Ball
2-0: Ball
3-0: Base on Balls
Batting: RHB Jason Dove 0-0: Ball
1-0: Called Strike
1-1: Called Strike
1-2: Hit by Pitch
Walt Alaniz to third
Shannon Beck to second
Batting: RHB Tim Anderson 0-0: Swinging Strike
0-1: Called Strike
0-2: Strikes out looking
Batting: RHB Manny Moron 0-0: Called Strike
0-1: Ball
1-1: Fielders Choice at 2nd, U4 (Groundball, 4M, EV 80.6 MPH)
Top of the 4th over - 0 runs, 1 hit, 0 errors, 3 left on base; Beloit 1 - Greenville 1
BOTTOM OF THE 4TH
Greenville Drive batting - Pitching for Beloit Snappers : LHP Kevin Barteaux
Batting: RHB Adugna Chandu 0-0: Ball
1-0: Foul Ball, location: 2F
1-1: Swinging Strike
1-2: Fly out, F9 (Line Drive, 9S, EV 96.2 MPH)
Batting: LHB Kien-lung Zou 0-0: Called Strike
0-1: Ground out 5-3 (Groundball, 56, EV 86.9 MPH)
Batting: RHB Mario Arriero 0-0: Ball
1-0: Called Strike
1-1: Foul Ball, location: 2F
1-2: Foul Ball, location: 2F
1-2: Ball
2-2: Foul Ball, location: 2F
2-2: Fly out, F7 (Line Drive, 8LS, EV 95.6 MPH)
Bottom of the 4th over - 0 runs, 0 hits, 0 errors, 0 left on base; Beloit 1 - Greenville 1
TOP OF THE 5TH
Beloit Snappers batting - Pitching for Greenville Drive : RHP Dan Jenkins
Batting: RHB Moses Brokken 0-0: Called Strike
0-1: Ball
1-1: Called Strike
1-2: Ball
2-2: Foul Ball, location: 2F
2-2: Strikes out looking
Batting: LHB Nate Melendez 0-0: Called Strike
0-1: Swinging Strike
0-2: SINGLE (Line Drive, 7S, EV 86.2 MPH)
Batting: LHB Ed Talamantes 0-0: Ball
1-0: Called Strike
1-1: Ball
2-1: Ball
3-1: Base on Balls
Nate Melendez to second
Batting: RHB Walt Alaniz 0-0: Ball
1-0: SINGLE (Line Drive, 6D, EV 99.4 MPH)
Nate Melendez to third
Ed Talamantes to second
Runner from 3rd tries for Home, SAFE, throw by LF to home
Batting: RHB Rafael Alarcon 0-0: Fielders Choice at 2nd, 3-6 (Groundball, 13, EV 85.6 MPH)
Ed Talamantes to third
Pitching: LHP Roald van Erkel
Batting: RHB Shannon Beck 0-0: Foul Ball, location: 2F
0-1: Foul Ball, location: 2F
0-2: Foul Ball, location: 2F
0-2: Strikes out swinging
Top of the 5th over - 1 run, 2 hits, 0 errors, 2 left on base; Beloit 2 - Greenville 1
BOTTOM OF THE 5TH
Greenville Drive batting - Pitching for Beloit Snappers : LHP Kevin Barteaux
Batting: SHB Robert Soto 0-0: Hit by Pitch
Batting: LHB Eddie Contreras 0-0: Ball
1-0: Called Strike
1-1: Called Strike
1-2: Ground out 5-3 (Groundball, 25, EV 81.2 MPH)
Robert Soto to second
Batting: LHB Carlos Guerra 0-0: Called Strike
0-1: Called Strike
0-2: Strikes out looking
Batting: RHB Bobby Schimke 0-0: Ball
1-0: Ball
2-0: Ground out 6-3 (Groundball, 6, EV 90.6 MPH)
Bottom of the 5th over - 0 runs, 0 hits, 0 errors, 1 left on base; Beloit 2 - Greenville 1
TOP OF THE 6TH
Beloit Snappers batting - Pitching for Greenville Drive : LHP Roald van Erkel
Batting: RHB Jason Dove 0-0: Ball
1-0: SINGLE (Groundball, 5S, EV 68.8 MPH) (infield hit)
Batting: RHB Tim Anderson 0-0: Ball
1-0: Ball
2-0: SINGLE (Groundball, 6MD, EV 100.6 MPH)
Jason Dove to second
Batting: RHB Manny Moron 0-0: Ball
1-0: Ground out 5-3 (Groundball, 6S, EV 70.6 MPH)
Jason Dove to third
Tim Anderson to second
Batting: RHB Moses Brokken 0-0: Called Strike
0-1: Ball
1-1: Swinging Strike
1-2: Foul Ball, location: 2F
1-2: Ground out 4-3 (Groundball, 34S, EV 86.9 MPH)
Batting: LHB Nate Melendez 0-0: Ball
1-0: Ball
2-0: Called Strike
2-1: Ball
3-1: TRIPLE (Flyball, 89XD, EV 99.4 MPH)
Jason Dove scores
Tim Anderson scores
Batting: LHB Ed Talamantes 0-0: Ball
1-0: Ball
2-0: Called Strike
2-1: Ground out 4-3 (Groundball, 4S, EV 82.5 MPH)
Top of the 6th over - 2 runs, 3 hits, 0 errors, 1 left on base; Beloit 4 - Greenville 1
BOTTOM OF THE 6TH
Greenville Drive batting - Pitching for Beloit Snappers : LHP Kevin Barteaux
Batting: RHB Aukukero Tairi 0-0: SINGLE (Groundball, 56D, EV 108.1 MPH)
Batting: SHB Salvador Padilla 0-0: DOUBLE (Line Drive, 8RD, EV 108.8 MPH)
Aukukero Tairi to third
Aukukero Tairi scores
Batting: RHB Adugna Chandu 0-0: Ball
1-0: SINGLE (Groundball, 6MD, EV 97.5 MPH)
Salvador Padilla to third
Pinch Hitting: RHB Guillermo Quintero 0-0: Ball
1-0: Ball
2-0: Grounds into double play, 4-6-3 (Groundball, 4M, EV 85.6 MPH)
Salvador Padilla scores
Batting: RHB Mario Arriero 0-0: Called Strike
0-1: Foul Ball, location: 2F
0-2: Foul Ball, location: 2F
0-2: Fly out, F9 (Flyball, 9LM, EV 107.5 MPH)
Bottom of the 6th over - 2 runs, 3 hits, 0 errors, 0 left on base; Beloit 4 - Greenville 3
TOP OF THE 7TH
Beloit Snappers batting - Pitching for Greenville Drive : LHP Roald van Erkel
Pitching: RHP Paul Carter
Now at 1B: Guillermo Quintero
Batting: RHB Walt Alaniz 0-0: Swinging Strike
0-1: Called Strike
0-2: Ball
1-2: Foul Ball, location: 2F
1-2: Ball
2-2: Ball
3-2: Strikes out looking
Batting: RHB Rafael Alarcon 0-0: Ball
1-0: Foul Ball, location: 2F
1-1: Foul Ball, location: 2F
1-2: Strikes out looking
Batting: RHB Shannon Beck 0-0: Called Strike
0-1: Ball
1-1: Foul Ball, location: 2F
1-2: Ball
2-2: Strikes out swinging
Top of the 7th over - 0 runs, 0 hits, 0 errors, 0 left on base; Beloit 4 - Greenville 3
BOTTOM OF THE 7TH
Greenville Drive batting - Pitching for Beloit Snappers : LHP Kevin Barteaux
Batting: SHB Robert Soto 0-0: Foul Ball, location: 2F
0-1: Fly out, F8 (Flyball, 8LD, EV 98.1 MPH)
Batting: RHB Matt Parker 0-0: SINGLE (Line Drive, 9S, EV 103.1 MPH)
Pinch Hitting: RHB Alex Cardenas 0-0: Called Strike
0-1: Ball
1-1: Swinging Strike
1-2: Grounds into double play, 6-4-3 (Groundball, 6, EV 83.8 MPH)
Bottom of the 7th over - 0 runs, 1 hit, 0 errors, 0 left on base; Beloit 4 - Greenville 3
TOP OF THE 8TH
Beloit Snappers batting - Pitching for Greenville Drive : RHP Paul Carter
Pitching: RHP Ross Ratcliffe
Now at 3B: Alex Cardenas
Now in RF: Salvador Padilla
Batting: RHB Jason Dove 0-0: Foul Ball, location: 2F
0-1: Foul Ball, location: 2F
0-2: Foul Ball, location: 2F
0-2: Strikes out looking
Batting: RHB Tim Anderson 0-0: Ball
1-0: Called Strike
1-1: Ground out 5-3 (Groundball, 56S, EV 87.5 MPH)
Batting: RHB Manny Moron 0-0: Ball
1-0: Called Strike
1-1: Ground out 4-3 (Groundball, 4, EV 81.9 MPH)
Top of the 8th over - 0 runs, 0 hits, 0 errors, 0 left on base; Beloit 4 - Greenville 3
BOTTOM OF THE 8TH
Greenville Drive batting - Pitching for Beloit Snappers : LHP Kevin Barteaux
Pitching: RHP Tony Contreras
Batting: RHB Bobby Schimke 0-0: Ball
1-0: Ball
2-0: Called Strike
2-1: Ball
3-1: Ground out 6-3 (Groundball, 6, EV 86.9 MPH)
Pinch Hitting: SHB Matsudaira Ikeda 0-0: Fly out, F5 (Popup, 25F, EV 89.4 MPH)
Batting: SHB Salvador Padilla 0-0: Swinging Strike
0-1: Swinging Strike
0-2: Strikes out looking
Bottom of the 8th over - 0 runs, 0 hits, 0 errors, 0 left on base; Beloit 4 - Greenville 3
TOP OF THE 9TH
Beloit Snappers batting - Pitching for Greenville Drive : RHP Ross Ratcliffe
Pitching: RHP Tyler Tomblin
Now in LF: Robert Gonzalez
Now in CF: Mario Arriero
Pinch Hitting: LHB Roscoe Romaine 0-0: Swinging Strike
0-1: Foul Ball, location: 2F
0-2: Fly out, F8 (Flyball, 8RD, EV 88.1 MPH)
Batting: LHB Nate Melendez 0-0: Foul Ball, location: 2F
0-1: Ball
1-1: Ground out 4-3 (Groundball, 4D, EV 98.8 MPH)
Batting: LHB Ed Talamantes 0-0: Ball
1-0: Called Strike
1-1: Called Strike
1-2: Foul Ball, location: 2F
1-2: Foul Ball, location: 2F
1-2: Ground out U3 (Groundball, 34, EV 108.1 MPH)
Top of the 9th over - 0 runs, 0 hits, 0 errors, 0 left on base; Beloit 4 - Greenville 3
BOTTOM OF THE 9TH
Greenville Drive batting - Pitching for Beloit Snappers : RHP Tony Contreras
Pitching: RHP Marvin Rosas
Now in LF: Marcus Pollard
Now in RF: Walt Alaniz
Batting: RHB Adugna Chandu 0-0: Called Strike
0-1: Ball
1-1: SINGLE (Line Drive, 8LS, EV 97.5 MPH)
Batting: RHB Guillermo Quintero 0-0: Ball
Wild Pitch!
Adugna Chandu to second
1-0: Ground out 6-3 (Groundball, 56, EV 105.0 MPH)
Batting: RHB Mario Arriero 0-0: Ball
1-0: Called Strike
1-1: Ball
2-1: Called Strike
2-2: Ball
3-2: Fly out, F8 (Flyball, 8RXD, EV 89.4 MPH)
Runner from 2nd tags up, SAFE at 3rd, no throw by CF
Batting: SHB Robert Soto 0-0: Called Strike
0-1: Foul Ball, location: 2F
0-2: Strikes out swinging
Bottom of the 9th over - 0 runs, 1 hit, 0 errors, 1 left on base; Beloit 4 - Greenville 3
Sunday, July 16th , 2023 - OOTP Baseball 24.6 Build 69